 Dungeon Crawl Stone Soup version 0.27.1-2-g3b301248ec (webtiles) character file.

Game seed: 2059644073171298542

124 Borgoz the Skirmisher (level 5, 0/46 HPs)
             Began as a Ghoul Monk on Sept 28, 2021.
             Slain by Terence (9 damage)
             ... on level 2 of the Dungeon.
             The game lasted 00:01:46 (2300 turns).

Borgoz the Skirmisher (Ghoul Monk)                  Turns: 2300, Time: 00:01:47

Health: 0/46       AC:  2    Str: 15    XL:     5   Next: 8%
Magic:  4/4        EV: 13    Int:  5    God:
Gold:   84         SH:  0    Dex: 12    Spells: 4/4 levels left

rFire    . . .     SeeInvis .     - Unarmed
rCold    + . .     Faith    .   (no shield)
rNeg     + + +     Spirit   .   a - +0 robe
rPois    ∞         Reflect  .   (no helmet)
rElec    .         Harm     .   (no cloak)
rCorr    .         Rampage  .   (no gloves)
Will     .....                  (no boots)
Stlth    ++........             (no amulet)
HPRegen  0.00/turn              (no ring)
MPRegen  0.09/turn              (no ring)

@: inhibited regen
A: claws 1, cold resistance 1, negative energy resistance 3, inhibited
regeneration, torment resistance 2
a: no special abilities


You were on level 2 of the Dungeon.
You visited 1 branch of the dungeon, and saw 2 of its levels.

You collected 84 gold pieces.

Inventory:

Armour
 a - a +0 robe (worn)
Scrolls
 b - a scroll of enchant weapon {unknown}
 d - a scroll of enchant armour {unknown}


   Skills:
 + Level 4.2 Fighting
 + Level 1.8 Armour
 + Level 3.4 Dodging
 - Level 2.1 Stealth
 + Level 4.1 Unarmed Combat


You had 4 spell levels left.
You didn't know any spells.
Your spell library was empty.

Dungeon Overview and Level Annotations

Branches:
Dungeon (2/15)

Altars:

Annotations:
D:2 Terence


Innate Abilities, Weirdness & Mutations

You thrive by killing the living.
You are immune to poison.
You have sharp fingernails.
Your flesh is cold resistant. (rC+)
You are immune to negative energy. (rN+++)
You do not regenerate when monsters are visible.
You are immune to unholy pain and torment.


Message History

You closely miss Terence.
Terence is lightly wounded.
Terence says, "Did you write a will?
You should..."
Terence hits you with a +0 flail!
You barely miss Terence.
Terence is lightly wounded.
Terence barely misses you.
You scratch Terence but do no damage. Your claw misses Terence.
Terence is lightly wounded.
You scratch Terence.
Terence is moderately wounded.
Terence hits you with a +0 flail!
You scratch Terence.
Terence is heavily wounded.
Terence asks, "Do you want it fast or slow?"
Terence closely misses you.
You scratch Terence.
Terence is severely wounded.
Terence says, "Don't bother to defend, it's senseless."
Terence misses you.
You closely miss Terence.
Terence is severely wounded.
Terence hits you with a +0 flail.
You scratch Terence but do no damage.
Terence is severely wounded.
Terence hits you with a +0 flail.
You are too injured to fight recklessly!
You are too injured to fight recklessly!
You are too injured to fight recklessly!
You closely miss Terence.
Terence is severely wounded.
Terence hits you with a +0 flail!
* * * LOW HITPOINT WARNING * * *
You scratch Terence.
Terence is severely wounded.
Terence hits you with a +0 flail.
* * * LOW HITPOINT WARNING * * *
It was a potion of cancellation.
You feel magically purged. Terence hits you with a +0 flail!
You die...

#.# #...#..#....######
#.# #.)..............#
#.# #..#....#...####.#
#.# #...........# #.#
#.# #.#......#..# #.#
#.# #...........####.#
#.####....#.###......#
#.÷.....#.#.############
..........#.##..@@.....#
######.#..#.##.#######.#
#.#..#.##.# #.#..#.##.#
#.#..#.##.# #.#..#.##.#
#.#..#....# #.#########
#.#


You could see Terence.

Vanquished Creatures
  Jessica (D:2)
  Natasha (twice) (D:2)
  2 worms (D:2)
  2 dart slugs (D:1)
  5 endoplasms
  4 giant cockroaches
  3 goblins
  A hobgoblin (D:2)
  3 kobolds
  3 quokkas
  3 ball pythons
  A bat (D:1)
  4 frilled lizards
  8 rats
42 creatures vanquished.

Notes
Turn   | Place    | Note
-------+----------+-------------------------------------------
     0 | D:1      | Borgoz the Ghoul Monk began the quest for the Orb.
     0 | D:1      | Reached XP level 1. HP: 19/19 MP: 0/0
   208 | D:1      | Reached XP level 2. HP: 19/26 MP: 1/1
   658 | D:1      | Reached skill level 1 in Armour
   658 | D:1      | Reached XP level 3. HP: 31/31 MP: 2/2
  1645 | D:2      | Noticed Jessica
  1657 | D:2      | Killed Jessica
  1658 | D:2      | Reached XP level 4. HP: 29/40 MP: 3/3
  1915 | D:2      | Noticed Natasha
  1925 | D:2      | Killed Natasha
  2014 | D:2      | Noticed Natasha
  2026 | D:2      | Killed Natasha
  2027 | D:2      | Reached XP level 5. HP: 17/46 MP: 4/4
  2286 | D:2      | Noticed Terence
  2300 | D:2      | Slain by Terence

Illustrated notes

Levels and vault maps discovered:
D:1:      nicolae_arrival_memento_mori, layout_loops_ring,
          minmay_misc_feat_rugged
D:2:      layout_basic, shapermc_ecumenical_altar_petra,
          minmay_misc_feat_more_columns, uniq_terence, uniq_natasha,
          uniq_jessica

Skill      XL: |  1  2  3  4 |
---------------+-------------+-----
Armour         | 1 |  1.8
Dodging        | 3 |  3.4
Fighting       | 4 |  4.2
Unarmed Combat | 4 |  4.1
Stealth        | |  2.1

Action                   |  1- 3 |  4- 6 || total
-------------------------+-------+-------++-------
Melee: Unarmed           |    97 |    38 ||   135
       Punch             |     2 |     1 ||     3
  Use: Potion            |     2 |     1 ||     3
       Scroll            |     2 |       ||     2
 Stab: Sleeping          |    11 |       ||    11
Armor: Robe              |     9 |     4 ||    13
Dodge: Dodged            |    42 |    19 ||    61
